AA - U28
HARTFORD YARD GOATS @ ALTOONA CURVE
06/29/2052
 
TOP OF THE 1ST
Portland Sea Dogs batting - Pitching for Altoona Curve : RHP Tim Post
Pitching: RHP Tim Post
Batting: RHB Gunner Hills 0-0: Called Strike
0-1: Ball
1-1: Foul Ball, location: 2F
1-2: SINGLE (Flyball, 8RS, EV 95.6 MPH)
Batting: SHB Davis Rushton 0-0: Ball
1-0: Called Strike
1-1: Swinging Strike
1-2: Ball
2-2: Strikes out swinging
Batting: LHB Braylon Cardwell 0-0: Foul Ball, location: 2F
0-1: Ball
1-1: Foul Ball, location: 2F
1-2: Ball
Gunner Hills steals 2nd base
2-2: Ball
3-2: Base on Balls
Batting: RHB John Scott 0-0: Ball
1-0: Ball
2-0: Fly out, F8 (Line Drive, 8LM, EV 106.2 MPH)
Batting: RHB Carlos Saucedo 0-0: Called Strike
0-1: Ball
1-1: Ball
2-1: Ball
3-1: Foul Ball, location: 2F
3-2: Foul Ball, location: 2F
3-2: Foul Ball, location: 2F
3-2: Foul Ball, location: 2F
3-2: Strikes out swinging
Top of the 1st over - 0 runs, 1 hit, 0 errors, 2 left on base; Portland 0 - Altoona 0
BOTTOM OF THE 1ST
Altoona Curve batting - Pitching for Portland Sea Dogs : RHP Grady Chamberlin
Pitching: RHP Grady Chamberlin
Batting: SHB Alfonzo Montes 0-0: Ball
1-0: Ground out 3-1 (Groundball, 34, EV 85.0 MPH)
Batting: LHB Landon Jacobs 0-0: Foul Ball, location: 2F
0-1: Foul Ball, location: 2F
0-2: Strikes out looking
Batting: RHB Pablo Varela 0-0: Ball
1-0: SINGLE (Groundball, 6MS, EV 66.9 MPH) (infield hit)
Batting: LHB Trent Mellen 0-0: Called Strike
0-1: Called Strike
0-2: Ball
1-2: Ball
2-2: Ball
3-2: Base on Balls
Pablo Varela to second
Batting: RHB Burley Hunsaker 0-0: Ball
1-0: Ground out 5-3 (Groundball, 5S, EV 81.2 MPH)
Bottom of the 1st over - 0 runs, 1 hit, 0 errors, 2 left on base; Portland 0 - Altoona 0
TOP OF THE 2ND
Portland Sea Dogs batting - Pitching for Altoona Curve : RHP Tim Post
Batting: RHB Kunikazu Hirose 0-0: Ball
1-0: Ground out 6-3 (Groundball, 6, EV 83.1 MPH)
Batting: RHB Ryan Heath 0-0: Called Strike
0-1: Fly out, F8 (Flyball, 89D, EV 80.6 MPH)
Batting: RHB Chris Gardner 0-0: Called Strike
0-1: Ball
1-1: Ball
2-1: Swinging Strike
2-2: Strikes out swinging
Top of the 2nd over - 0 runs, 0 hits, 0 errors, 0 left on base; Portland 0 - Altoona 0
BOTTOM OF THE 2ND
Altoona Curve batting - Pitching for Portland Sea Dogs : RHP Grady Chamberlin
Batting: RHB Boult Symons 0-0: Foul Ball, location: 2F
0-1: Ball
1-1: Foul Ball, location: 2F
1-2: Ball
2-2: Foul Ball, location: 2F
2-2: Ball
3-2: SINGLE (Groundball, 6MD, EV 96.2 MPH)
Batting: SHB Ryan Weathersbee 0-0: Ball
1-0: Ball
2-0: Ball
3-0: Called Strike
3-1: SINGLE (Line Drive, 4D, EV 99.4 MPH)
Boult Symons to second
Batting: RHB Benito Teran 0-0: Ball
1-0: Foul Ball, location: 2F
1-1: Called Strike
1-2: Strikes out swinging
Batting: RHB Gael Brown 0-0: Ball
1-0: Grounds into double play, 5-4-3 (Groundball, 56S, EV 85.6 MPH)
Bottom of the 2nd over - 0 runs, 2 hits, 0 errors, 1 left on base; Portland 0 - Altoona 0
TOP OF THE 3RD
Portland Sea Dogs batting - Pitching for Altoona Curve : RHP Tim Post
Batting: RHB Jess DeCock 0-0: Ball
1-0: Ball
2-0: Ball
3-0: Called Strike
3-1: Foul Ball, location: 2F
3-2: Base on Balls
Batting: RHB Gunner Hills 0-0: Called Strike
0-1: Ball
1-1: Ball
2-1: Ball
3-1: Called Strike
3-2: Base on Balls
Jess DeCock to second
Batting: SHB Davis Rushton 0-0: Called Strike
0-1: Swinging Strike
0-2: Strikes out swinging
Batting: LHB Braylon Cardwell 0-0: Ball
1-0: Called Strike
1-1: Called Strike
1-2: Ball
2-2: Ball
3-2: Foul Ball, location: 2F
3-2: Foul Ball, location: 2F
3-2: Strikes out swinging
Batting: RHB John Scott 0-0: Ground out 4-3 (Groundball, 34, EV 101.9 MPH)
Top of the 3rd over - 0 runs, 0 hits, 0 errors, 2 left on base; Portland 0 - Altoona 0
BOTTOM OF THE 3RD
Altoona Curve batting - Pitching for Portland Sea Dogs : RHP Grady Chamberlin
Batting: SHB Alfonzo Montes 0-0: SINGLE (Groundball, 13S, EV 68.1 MPH) (infield hit)
Batting: LHB Landon Jacobs 0-0: Fielders Choice at 2nd, 4-6 (Groundball, 4, EV 88.1 MPH)
Batting: RHB Pablo Varela 0-0: Called Strike
0-1: Ball
1-1: Called Strike
1-2: 2-RUN HOME RUN (Flyball, 7D, EV 97.5 MPH), Distance : 373 ft
Batting: LHB Trent Mellen 0-0: Foul Ball, location: 2F
0-1: Swinging Strike
0-2: Ball
1-2: Strikes out looking
DELAY Rain delay of 42 minutes in the 3rd inning.
Batting: RHB Burley Hunsaker 0-0: Ball
1-0: Ground out 1-3 (Groundball, 13S, EV 63.8 MPH)
Bottom of the 3rd over - 2 runs, 2 hits, 0 errors, 0 left on base; Portland 0 - Altoona 2
TOP OF THE 4TH
Portland Sea Dogs batting - Pitching for Altoona Curve : RHP Tim Post
Now at SS: Julian Uzliyan
Batting: RHB Carlos Saucedo 0-0: Ball
1-0: Foul Ball, location: 2F
1-1: Ball
2-1: Foul Ball, location: 2F
2-2: Ball
3-2: Strikes out looking
Batting: RHB Kunikazu Hirose 0-0: Called Strike
0-1: Foul Ball, location: 2F
0-2: Strikes out swinging
Batting: RHB Ryan Heath 0-0: Called Strike
0-1: Foul Ball, location: 2F
0-2: Strikes out looking
Top of the 4th over - 0 runs, 0 hits, 0 errors, 0 left on base; Portland 0 - Altoona 2
BOTTOM OF THE 4TH
Altoona Curve batting - Pitching for Portland Sea Dogs : RHP Grady Chamberlin
Batting: RHB Boult Symons 0-0: Ball
1-0: Fly out, F9 (Flyball, 9, EV 91.9 MPH)
Batting: SHB Ryan Weathersbee 0-0: Ball
1-0: Fly out, F6 (Flyball, 56D, EV 93.1 MPH)
Batting: RHB Benito Teran 0-0: Ball
1-0: Ground out 1-3 (Groundball, 15S, EV 69.4 MPH)
Bottom of the 4th over - 0 runs, 0 hits, 0 errors, 0 left on base; Portland 0 - Altoona 2
TOP OF THE 5TH
Portland Sea Dogs batting - Pitching for Altoona Curve : RHP Tim Post
Batting: RHB Chris Gardner 0-0: Called Strike
0-1: Foul Ball, location: 2F
0-2: Strikes out swinging
Batting: RHB Jess DeCock 0-0: Ball
1-0: Foul Ball, location: 2F
1-1: Foul Ball, location: 2F
1-2: Foul Ball, location: 2F
1-2: Strikes out swinging
Batting: RHB Gunner Hills 0-0: DOUBLE (Line Drive, 7LD, EV 106.2 MPH)
Batting: SHB Davis Rushton 0-0: Foul Ball, location: 2F
0-1: Ball
1-1: Fly out, F7 (Flyball, 78M, EV 98.1 MPH)
Top of the 5th over - 0 runs, 1 hit, 0 errors, 1 left on base; Portland 0 - Altoona 2
BOTTOM OF THE 5TH
Altoona Curve batting - Pitching for Portland Sea Dogs : RHP Grady Chamberlin
Batting: RHB Gael Brown 0-0: Swinging Strike
0-1: Ball
1-1: Foul Ball, location: 2F
1-2: Ball
2-2: Fly out, F7 (Flyball, 7, EV 95.0 MPH)
Batting: RHB Julian Uzliyan 0-0: Foul Ball, location: 2F
0-1: Ball
1-1: Reached on error, E6 (Groundball, 6, EV 81.9 MPH)
Batting: LHB Landon Jacobs 0-0: Called Strike
0-1: Ball
1-1: Ball
2-1: Foul Ball, location: 2F
2-2: Ground out U3 (Groundball, 3L, EV 85.0 MPH)
Julian Uzliyan to third
Batting: RHB Pablo Varela 0-0: Ball
1-0: Ball
2-0: Fly out, F8 (Flyball, 89D, EV 84.4 MPH)
Bottom of the 5th over - 0 runs, 0 hits, 1 error, 1 left on base; Portland 0 - Altoona 2
TOP OF THE 6TH
Portland Sea Dogs batting - Pitching for Altoona Curve : RHP Tim Post
Batting: LHB Braylon Cardwell 0-0: Called Strike
0-1: Ball
1-1: Foul Ball, location: 2F
1-2: Strikes out looking
Batting: RHB John Scott 0-0: Ball
1-0: SINGLE (Line Drive, 5D, EV 107.5 MPH)
Batting: RHB Carlos Saucedo 0-0: Ball
1-0: Called Strike
1-1: Ball
2-1: Called Strike
2-2: Fielders Choice at 2nd, 5-4 (Groundball, 56, EV 102.5 MPH)
Batting: RHB Kunikazu Hirose 0-0: SINGLE (Flyball, 7LS, EV 93.1 MPH)
Carlos Saucedo to second
Batting: RHB Ryan Heath 0-0: Fly out, F7 (Flyball, 7LD, EV 90.6 MPH)
Top of the 6th over - 0 runs, 2 hits, 0 errors, 2 left on base; Portland 0 - Altoona 2
BOTTOM OF THE 6TH
Altoona Curve batting - Pitching for Portland Sea Dogs : RHP Grady Chamberlin
Batting: LHB Trent Mellen 0-0: Ball
1-0: Ball
2-0: Swinging Strike
2-1: Ground out 4-3 (Groundball, 4, EV 106.2 MPH)
Batting: RHB Burley Hunsaker 0-0: Called Strike
0-1: Ball
1-1: Swinging Strike
1-2: Strikes out looking
Batting: RHB Boult Symons 0-0: Ball
1-0: Ball
2-0: Ball
3-0: Fly out, F8 (Flyball, 8LS, EV 94.4 MPH)
Bottom of the 6th over - 0 runs, 0 hits, 0 errors, 0 left on base; Portland 0 - Altoona 2
TOP OF THE 7TH
Portland Sea Dogs batting - Pitching for Altoona Curve : RHP Tim Post
Batting: RHB Chris Gardner 0-0: Ground out 5-3 (Groundball, 56, EV 104.4 MPH)
Batting: RHB Jess DeCock 0-0: Ball
1-0: Swinging Strike
1-1: Ball
2-1: Called Strike
2-2: Foul Ball, location: 2F
2-2: Strikes out swinging
Batting: RHB Gunner Hills 0-0: Called Strike
0-1: SINGLE (Line Drive, 8LS, EV 91.9 MPH)
Pitching: RHP Jacoby Ray
Batting: SHB Davis Rushton 0-0: Ball
1-0: Called Strike
1-1: Ground out 4-3 (Groundball, 34, EV 91.2 MPH)
Top of the 7th over - 0 runs, 1 hit, 0 errors, 1 left on base; Portland 0 - Altoona 2
BOTTOM OF THE 7TH
Altoona Curve batting - Pitching for Portland Sea Dogs : RHP Grady Chamberlin
Batting: SHB Ryan Weathersbee 0-0: Called Strike
0-1: Ground out 6-3 (Groundball, 6, EV 93.8 MPH)
Batting: RHB Benito Teran 0-0: Ball
1-0: SINGLE (Line Drive, 8LS, EV 98.1 MPH)
Batting: RHB Gael Brown 0-0: Ball
1-0: Ball
2-0: Called Strike
2-1: SINGLE (Line Drive, 8RM, EV 97.5 MPH)
Benito Teran to second
Batting: RHB Julian Uzliyan 0-0: Swinging Strike
0-1: Ball
1-1: Fly out, F8 (Flyball, 8RD, EV 106.2 MPH)
Runner from 2nd tags up, SAFE at 3rd with throw by CF
Batting: LHB Landon Jacobs 0-0: Ball
1-0: Called Strike
1-1: Ball
2-1: Foul Ball, location: 2F
2-2: DOUBLE (Line Drive, 89D, EV 105.0 MPH)
Benito Teran scores
Gael Brown to third
Runner from 3rd tries for Home, SAFE, no throw by RF
Batting: RHB Pablo Varela 0-0: Foul Ball, location: 2F
0-1: Called Strike
0-2: Strikes out swinging
Bottom of the 7th over - 2 runs, 3 hits, 0 errors, 1 left on base; Portland 0 - Altoona 4
TOP OF THE 8TH
Portland Sea Dogs batting - Pitching for Altoona Curve : RHP Jacoby Ray
Batting: LHB Braylon Cardwell 0-0: Called Strike
0-1: Ball
1-1: Ground out U3 (Groundball, 34, EV 83.8 MPH)
Batting: RHB John Scott 0-0: Ball
1-0: Fly out, F9 (Flyball, 9, EV 95.0 MPH)
Batting: RHB Carlos Saucedo 0-0: Foul Ball, location: 2F
0-1: Ground out 5-3 (Groundball, 5S, EV 73.1 MPH)
Top of the 8th over - 0 runs, 0 hits, 0 errors, 0 left on base; Portland 0 - Altoona 4
BOTTOM OF THE 8TH
Altoona Curve batting - Pitching for Portland Sea Dogs : RHP Grady Chamberlin
Batting: LHB Trent Mellen 0-0: Ball
1-0: Ball
2-0: Ball
3-0: Base on Balls
Pitching: RHP Justin Stallings
Batting: RHB Burley Hunsaker 0-0: Swinging Strike
0-1: Fly out, F7 (Flyball, 7S, EV 90.0 MPH)
Batting: RHB Boult Symons 0-0: Called Strike
0-1: Ball
1-1: Foul Ball, location: 2F
1-2: Ball
2-2: Fielders Choice at 2nd, 5-4 (Groundball, 56, EV 83.8 MPH)
Batting: SHB Ryan Weathersbee 0-0: Called Strike
0-1: Called Strike
0-2: Foul Ball, location: 2F
0-2: Ball
1-2: Strikes out swinging
Bottom of the 8th over - 0 runs, 0 hits, 0 errors, 1 left on base; Portland 0 - Altoona 4
TOP OF THE 9TH
Portland Sea Dogs batting - Pitching for Altoona Curve : RHP Jacoby Ray
Batting: RHB Kunikazu Hirose 0-0: Called Strike
0-1: Called Strike
0-2: Ball
1-2: Ball
2-2: Ball
3-2: Ground out 6-3 (Groundball, 6, EV 91.2 MPH)
Batting: RHB Ryan Heath 0-0: SINGLE (Line Drive, 8LS, EV 105.0 MPH)
Batting: RHB Chris Gardner 0-0: Called Strike
0-1: Foul Ball, location: 2F
0-2: Ball
1-2: Foul Ball, location: 2F
1-2: Strikes out swinging
Batting: RHB Jess DeCock 0-0: Ball
1-0: Ball
2-0: Ball
3-0: Base on Balls
Ryan Heath to second
Pitching: RHP Jason Hennig
Batting: RHB Gunner Hills 0-0: Swinging Strike
0-1: Ball
1-1: Called Strike
1-2: Strikes out swinging
Top of the 9th over - 0 runs, 1 hit, 0 errors, 2 left on base; Portland 0 - Altoona 4
Friday, April 26th , 2024 - OOTP Baseball 24.11 Build 85